 Seeded DCSS version 0.30-a0-1074-g5db6f66fbb (webtiles) character file.

Game seed: 9984866775504283061 (custom seed)

174 Pimp the Magician (level 5, -7/28 HPs)
             Began as a Deep Elf Fire Elementalist on Apr 13, 2023.
             Mangled by a gnoll
             ... wielding a +0 flail
              (10 damage)
             ... on level 3 of the Dungeon.
             The game lasted 00:10:12 (2378 turns).

Pimp the Magician (Deep Elf Fire Elementalist)      Turns: 2378, Time: 00:10:13

Health: -7/28      AC:  2    Str:  5    XL:     5   Next: 28%
Magic:  4/13       EV: 13    Int: 22    God:
Gold:   688        SH:  0    Dex: 15    Spells: 2/12 levels left

rFire   + . .      SeeInvis .    c - staff of fire
rCold   . . .      Faith    .    (no shield)
rNeg    . . .      Spirit   .    a - +0 robe
rPois   .          Reflect  .    (no helmet)
rElec   .          Rampage  .    (no cloak)
rCorr   .                        (no gloves)
Will    .....                    (no boots)
Stlth   +++                      (no amulet)
HPRegen 0.24/turn                (no ring)
MPRegen 0.13/turn                (no ring)

@: about to teleport, attractive
A: no striking features
a: no special abilities


You were on level 3 of the Dungeon.
You visited 1 branch of the dungeon, and saw 3 of its levels.

You collected 688 gold pieces.

Inventory:

Hand Weapons
 e - a +0 dagger of draining
Missiles
 j - a throwing net
Armour
 a - a +0 robe (worn)
Magical Staves
 c - a staff of fire (weapon)
Scrolls
 o - a scroll of teleportation
 p - a scroll of poison {unknown}
 q - a scroll of amnesia {unknown}
 r - a scroll of identify
Potions
 k - a potion of flight {unknown}
 l - a potion of brilliance {unknown}
 m - a potion of lignification


   Skills:
 + Level 3.7 Dodging
 + Level 3.9 Stealth
 + Level 4.2 Spellcasting
 + Level 2.6 Conjurations
 + Level 4.0 Fire Magic


You had 2 spell levels left.
You knew the following spells:

 Your Spells              Type           Power      Damage    Failure   Level
a - Foxfire               Conj/Fire      100%       2x1d9     2%          1
b - Scorch                Fire           68%        2d7       3%          2
c - Volatile Blastmotes   Fire/Tloc      40%        2d13      14%         3
d - Flame Wave            Conj/Fire      29%        2d9       26%         4

Your spell library contained the following spells:

 Spells                   Type           Power      Damage    Failure   Level
 Inner Flame              Hex/Fire       20%        N/A       14%         3
 Vhi's Electric Charge    Tloc/Air       8%         N/A       32%         3
 Arcjolt                  Conj/Air       5%         1d15      87%         5
 Maxwell's Capacitive Co  Air            2%         ∞         100%        8


Dungeon Overview and Level Annotations

Branches:
Dungeon (3/15)

Altars:

Annotations:
D:3 1 runed translucent door


Message History

The kobold brigand hits your butterfly with a +0 club!
Your butterfly dies!
Your butterfly disappears in a burst of colours!
The gnoll bouda hits your butterfly with a +0 club.
Your butterfly dies!
Your butterfly disappears in a burst of colours!
The gnoll barely misses your butterfly. x2; The gnoll is attracted toward you.
The gnoll bouda is attracted toward you.
The gnoll is attracted toward you. x2
You swap places.
The kobold brigand hits your butterfly with a +0 club!
Your butterfly dies!
Your butterfly disappears in a burst of colours!
The gnoll completely misses your butterfly.
The gnoll is attracted toward you. x2
The gnoll closely misses your butterfly.
The kobold brigand closely misses your butterfly.
The gnoll bouda hits your butterfly with a +0 club!
Your butterfly dies!
Your butterfly disappears in a burst of colours!
The gnoll completely misses your butterfly.
The gnoll closely misses your butterfly.
The gnoll is attracted toward you. x2
You feel yourself speed up.
The kobold brigand hits your butterfly with a +0 club!
Your butterfly dies!
Your butterfly disappears in a burst of colours!
The gnoll closely misses you.
The gnoll hits your butterfly with a +0 flail.
Your butterfly dies!
Your butterfly disappears in a burst of colours!
The kobold brigand is attracted toward you.
The gnoll is attracted toward you.
As you read the scroll labelled IVEEMUCUUB, it crumbles to dust.
You feel strangely unstable.
It was a scroll of teleportation.
Your attacks no longer feel as feeble.
The kobold brigand closely misses you. The gnoll hits you with a +0 flail.
* * * LOW HITPOINT WARNING * * *
The gnoll attacks as you move away! The gnoll hits you with a +0 flail!
You die...

#.....................#
#...........####..###.#
#.........### #..####..
#.........# ###........
#....b....# #....######
#.........###..###
#............)## .
######b#..bb....# .
####.b)÷bbb@b(..####
......b..bKgb.b.b......
~~~~~bbbbb~~bb~~~~≈~~~~
≈~~≈~~bbgbb≈b≈≈≈≈≈~≈≈≈≈
≈~~≈~~.bg.~≈~~~~~~~≈~~#
........bbb.).........#
######''''#############
#....# #....#


You could see a kobold brigand (ally target), a gnoll bouda (ally target) and 2
gnolls.

Vanquished Creatures
  4 adders
  7 gnolls (D:3)
  2 dart slugs
  3 orcs (D:3)
  4 endoplasms
  2 giant cockroaches
  4 goblins
  3 hobgoblins
  8 jackals
  2 quokkas (D:2)
  5 ball pythons
  6 bats
  7 frilled lizards
  4 kobolds
  8 rats
69 creatures vanquished.

Vanquished Creatures (collateral kills)
  A foxfire (D:1)
1 creature vanquished.

Vanquished Creatures (others)
  102 foxfires
102 creatures vanquished.

Grand Total: 172 creatures vanquished

Notes
Turn   | Place    | Note
-------+----------+-------------------------------------------
     0 | D:1      | Pimp the Deep Elf Fire Elementalist began the quest for the
                  | Orb.
     0 | D:1      | Reached XP level 1. HP: 10/10 MP: 6/6
   137 | D:1      | Reached XP level 2. HP: 14/15 MP: 4/8
   870 | D:2      | Reached XP level 3. HP: 19/19 MP: 7/9
  1043 | D:2      | Learned a level 2 spell: Scorch
  1070 | D:2      | Learned a level 3 spell: Volatile Blastmotes
  1220 | D:2      | Identified a scroll of acquirement
  1220 | D:2      | Acquired a staff of fire
  1454 | D:2      | Acquired 601 gold pieces
  1522 | D:3      | Found a runed translucent door.
  1527 | D:3      | Reached XP level 4. HP: 24/24 MP: 4/11
  1681 | D:3      | Learned a level 4 spell: Flame Wave
  2155 | D:3      | Noticed a kobold brigand
  2172 | D:3      | Reached XP level 5. HP: 24/28 MP: 2/13
  2378 | D:3      | Mangled by a gnoll

Illustrated notes

Levels and vault maps discovered:
D:1:      minmay_arrival_plants_in_alcoves, layout_basic,
          minmay_misc_feat_plants, chequers_serial_rivers_marsh
D:2:      layout_basic, minmay_misc_feat_columns
D:3:      lemuel_castle_with_subvaults [lemuel_castle_interior_carwin_2],
          layout_rooms, ebering_ghost_sewer_d

Skill      XL: |  1  2  3  4 |
---------------+-------------+-----
Stealth        | 3 |  3.9
Dodging        | 3 |  3.7
Conjurations   | 2 |  2.6
Spellcasting   | 4 |  4.2
Fire Magic     | 4 |  4.0

Action                     |  1- 3 |  4- 6 || total
---------------------------+-------+-------++-------
  Melee: Unarmed           |     5 |       ||     5
         Dagger            |    14 |       ||    14
         Staff             |     3 |     6 ||     9
   Cast: Foxfire           |    64 |     2 ||    66
         Scorch            |     4 |    37 ||    41
    Use: Scroll            |    10 |     6 ||    16
         Potion            |       |     5 ||     5
   Stab: Sleeping          |     1 |       ||     1
 Armour: Robe              |    12 |     7 ||    19
  Dodge: Dodged            |    38 |    26 ||    64

Table legend: (Time is in decaauts)
 A = Elapsed time spent in this place.
 B = Non-inter-level travel time spent in this place.
 C = Inter-level travel time spent in this place.
 D = Time resting spent in this place.
 E = Time spent auto-exploring this place.
 F = Levels seen in this place.
 G = Mean time per level.
                   A        B        C        D        E       F      G
               +--------+--------+--------+--------+--------+-----+--------+
         Total |   2387 |   2338 |     49 |    642 |   1059 |   3 |  795.7 |
       Dungeon |   2387 |   2338 |     49 |    642 |   1059 |   3 |  795.7 |
               +--------+--------+--------+--------+--------+-----+--------+

Top non-repeatable levels by time:
     D:3: 869 daAuts
     D:1: 815 daAuts
     D:2: 702 daAuts
